 Dungeon Crawl Stone Soup version 0.29-a0-321-gf1c400731a (webtiles) character file.

Game seed: 5624521725634109533

737 jlumianski the Chopper (level 7, -1/79 HPs)
             Began as a Demonspawn Fighter on Apr 2, 2022.
             Slain by Duvessa
             ... wielding a +0 rapier
              (8 damage)
             ... on level 4 of the Dungeon on Apr 4, 2022.
             The game lasted 00:17:55 (4884 turns).

jlumianski the Chopper (Demonspawn Fighter)         Turns: 4884, Time: 00:17:56

Health: -1/79      AC: 16    Str: 19    XL:     7   Next: 46%
Magic:  0/7        EV:  7    Int:  9    God:
Gold:   333        SH:  9    Dex: 12    Spells: 6/6 levels left

rFire   . . .      SeeInvis .   a - +0 war axe
rCold   . . .      Faith    .   c - +0 buckler
rNeg    . . .      Spirit   +   k - +0 chain mail
rPois   .          Reflect  .   p - +2 hat
rElec   .          Harm     .   (no cloak)
rCorr   .          Rampage  .   g - +1 pair of gloves
Will    .....                   s - +0 pair of boots
Stlth   ..........              A - amulet of guardian spirit
HPRegen 0.23/turn               i - ring of flight
MPRegen 0.10/turn               (no ring)

@: berserking, flying, very quick
A: yellow scales 1, condensation shield, demonic magic 1, demonic touch 1
a: no special abilities


You were on level 4 of the Dungeon.
You visited 1 branch of the dungeon, and saw 5 of its levels.

You collected 333 gold pieces.

Inventory:

Hand Weapons
 a - a +0 war axe (weapon)
 o - a +1 hand axe of flaming
Missiles
 h - 206 stones
 j - 8 poisoned darts
 l - 12 boomerangs (quivered)
 m - 2 throwing nets
Armour
 b - a +0 scale mail
 c - a +0 buckler (worn)
 g - a +1 pair of gloves (worn)
 k - a +0 chain mail (worn)
 p - a +2 hat (worn)
 q - a +0 helmet
 s - a +0 pair of boots (worn)
Jewellery
 i - a ring of flight (left hand)
 A - an amulet of guardian spirit (around neck)
Wands
 t - a wand of iceblast (20)
 u - a wand of digging (5)
Scrolls
 e - 2 scrolls of vulnerability
 n - a scroll of summoning
Potions
 d - a potion of lignification
 f - 3 potions of heal wounds
 r - a potion of brilliance
 v - a potion of invisibility {unknown}
 w - a potion of resistance {unknown}
 z - 3 potions of curing
 D - a potion of might


   Skills:
 + Level 3.9 Fighting
 + Level 5.4 Axes
 + Level 1.4 Throwing
 + Level 4.2 Armour
 + Level 0.4 Dodging
 + Level 0.2 Stealth
 + Level 4.0 Shields


You had 6 spell levels left.
You didn't know any spells.
Your spell library contained the following spells:

 Spells                   Type           Power      Damage    Failure   Level
 Ensorcelled Hibernation  Hex/Ice        0%         N/A       100%        2
 Spider Form              Tmut/Pois      0%         N/A       100%        3
 Tukima's Dance           Hex            0%         N/A       100%        3
 Anguish                  Hex/Necr       0%         N/A       100%        4
 Enfeeble                 Hex            0%         N/A       100%        7


Dungeon Overview and Level Annotations

Branches:
Dungeon (5/15)
 Temple: D:4-7

Altars:
Gozag
Qazlal
Ru
Uskayaw
Vehumet
Zin

Annotations:
D:4 Dowan, Duvessa


Innate Abilities, Weirdness & Mutations

You are partially covered in yellow scales. (AC +2)
A meltable shield of frost defends you. (SH +4)
Spells you cast may paralyse adjacent enemies.
Your touch may inflict minor irresistible damage on your foes.


Message History

Press: ? - help, Q - select action, (/) - cycle Shift-Dir - straight line, f - Duvessa
Aim: Duvessa, wielding a +0 rapier and wearing a +1 leather armour of fire resistance (berserk, 61% to hit)
You throw a boomerang. The boomerang hits Duvessa.
Duvessa is lightly wounded.
Duvessa closely misses you.
There is an escape hatch in the ceiling here.
You barely miss Duvessa.
Duvessa is lightly wounded.
Duvessa barely misses you. Duvessa hits you with a +0 rapier!
You hit Duvessa.
Duvessa is lightly wounded.
You completely miss Dowan. Duvessa hits you with a +0 rapier!
You block Dowan's attack. Duvessa hits you with a +0 rapier!
Dowan hits you with a +0 dagger.
Okay, then.
A red film seems to cover your vision as you go berserk!
You feel yourself moving faster!
You feel mighty! Duvessa hits you with a +0 rapier.
Dowan hits you but does no damage. Duvessa hits you but does no damage.
You hit Duvessa but do no damage.
Duvessa is lightly wounded.
You closely miss Dowan. Duvessa hits you with a +0 rapier!
* * * LOW HITPOINT WARNING * * *
Dowan casts a spell at Duvessa.
Duvessa seems to speed up.
You slice Duvessa!!
Duvessa is heavily wounded.
You miss Dowan. Duvessa hits you with a +0 rapier.
* * * LOW HITPOINT WARNING * * *
You closely miss Duvessa.
Duvessa is heavily wounded.
You slash Dowan! Duvessa hits you with a +0 rapier.
* * * LOW HITPOINT WARNING * * *
Dowan hits you but does no damage.
You barely miss Duvessa.
Duvessa is heavily wounded.
You closely miss Dowan. You block Duvessa's attack. Dowan casts a spell at you.
You block the puff of flame. Duvessa hits you with a +0 rapier!
You die...

...# #....#...............'. ...#
#....#^..............#. ...#
#....#........##.....#. ...#
#....#..##....##.....#.
#.#########....#####....##.....#.
####...............#...........#.
#..#...............'....##.....#.
#..#...........e...#....########.
##.#.#####'##..e@..#...........#.
##.#.# #...#.#....#....##.....#.
.....# +.e.#.#....#....##.....#.
.....# #...#......+....########.
###..# +...#......#........[..#.
.....# #⌠8⌠#.#....#...........+.
.....########.#....#....##.....#.
..............+....'....######'#.
......#.......#....#######..>..#.


You could see Duvessa (berserk, fast) and Dowan.

Vanquished Creatures
  Sigmund (D:2)
  A kobold brigand (D:3)
  A bullfrog (D:3)
  A scorpion (D:4)
  A necrophage (D:3)
  A jelly (D:3)
  3 orc priests
  Jessica (D:2)
  Ijyb (D:3)
  3 gnolls
  4 adders
  3 worms
  14 orcs
  4 endoplasms
  2 giant cockroaches
  5 hobgoblins
  4 quokkas
  5 ball pythons
  5 bats
  4 frilled lizards
  5 goblins
  10 kobolds
  6 rats
85 creatures vanquished.

Vanquished Creatures (others)
  5 plants (D:5)
  4 toadstools (D:3)
9 creatures vanquished.

Grand Total: 94 creatures vanquished

Notes
Turn   | Place    | Note
-------+----------+-------------------------------------------
     0 | D:1      | jlumianski the Demonspawn Fighter began the quest for the
                  | Orb.
     0 | D:1      | Reached XP level 1. HP: 18/18 MP: 1/1
   554 | D:1      | Reached skill level 2 in Axes
   554 | D:1      | Gained mutation: You are partially covered in yellow
                  | scales. (AC +2) [demonic ancestry]
   554 | D:1      | Reached XP level 2. HP: 24/24 MP: 2/2
   688 | D:1      | Upgraded the game from 0.29-a0-319-gad05b8d819 to
                  | 0.29-a0-321-gf1c400731a
   761 | D:1      | Found a faded altar of an unknown god.
  1123 | D:2      | Gained mutation: A meltable shield of frost defends you.
                  | (SH +4) [demonic ancestry]
  1123 | D:2      | Reached XP level 3. HP: 29/29 MP: 3/3
  1587 | D:3      | Noticed Jessica
  1795 | D:2      | Killed Jessica
  1796 | D:2      | Reached XP level 4. HP: 35/35 MP: 4/4
  1810 | D:2      | Noticed Sigmund
  1887 | D:2      | Killed Sigmund
  1888 | D:2      | Reached skill level 3 in Axes
  1888 | D:2      | Reached skill level 1 in Throwing
  1888 | D:2      | Gained mutation: Spells you cast may paralyse adjacent
                  | enemies. [demonic ancestry]
  1888 | D:2      | Reached XP level 5. HP: 17/41 MP: 5/5
  2288 | D:2      | Found a stormy altar of Qazlal.
  2825 | D:3      | Noticed Ijyb
  2846 | D:3      | Killed Ijyb
  2847 | D:3      | Gained mutation: Your touch may inflict minor irresistible
                  | damage on your foes. [demonic ancestry]
  2847 | D:3      | Reached XP level 6. HP: 38/47 MP: 6/6
  3008 | D:3      | Found a hide-covered altar of Uskayaw.
  3011 | D:3      | Found a radiant altar of Vehumet.
  3020 | D:3      | Found a transporter.
  3033 | D:3      | Found a transporter.
  3088 | D:3      | Reached skill level 4 in Axes
  3523 | D:3      | Reached XP level 7. HP: 32/53 MP: 4/7
  4196 | D:4      | Found a sacrificial altar of Ru.
  4302 | D:5      | Entered Level 5 of the Dungeon
  4385 | D:5      | Found an opulent altar of Gozag.
  4418 | D:4      | Reached skill level 5 in Axes
  4870 | D:4      | Noticed Duvessa
  4870 | D:4      | Noticed Dowan
  4884 | D:4      | Slain by Duvessa

Illustrated notes

Levels and vault maps discovered:
D:1:      ebering_trefoil_twist, layout_basic,
          shapermc_ecumenical_altar_notcrosses
D:2:      minmay_recursive_quarters, layout_basic, basic_altar,
          minmay_pentomino_pile, uniq_sigmund
D:3:      layout_loops_ring, gammafunk_temple_overflow_arena, zin_academy,
          minivault_5, minmay_gold_behind_fungi, uniq_ijyb, uniq_jessica
D:4:      dreamdust_elfheim, layout_gridville, mainiacjoe_overflow_alcove_2,
          chequers_serial_rivers_room_b
D:5:      layout_cave_pods, general_overflow_altar, st_stairs_3,
          serial_bayou_lagoon_a

Skill      XL: |  1  2  3  4  5  6  7 |
---------------+----------------------+-----
Axes           | 2 3 4 5 |  5.4
Armour         | 3 4 |  4.2
Shields        | 3 4 |  4.0
Throwing       | 1 |  1.4
Fighting       | |  3.9
Dodging        | |  0.4
Stealth        | |  0.2

Action                   |  1- 3 |  4- 6 |  7- 9 || total
-------------------------+-------+-------+-------++-------
Melee: War axe           |    89 |   130 |    58 ||   277
Throw: Boomerang         |    10 |     5 |     1 ||    16
       Stone             |     3 |       |       ||     3
  Use: Potion            |     1 |     2 |     1 ||     4
       Scroll            |       |     4 |     5 ||     9
Armor: Scale mail        |    18 |       |       ||    18
       Chain mail        |    40 |    85 |    34 ||   159
Dodge: Dodged            |    45 |    34 |    20 ||    99
Block: Buckler           |    36 |    62 |    28 ||   126

Table legend: (Time is in decaauts)
 A = Elapsed time spent in this place.
 B = Non-inter-level travel time spent in this place.
 C = Inter-level travel time spent in this place.
 D = Time resting spent in this place.
 E = Time spent auto-exploring this place.
 F = Levels seen in this place.
 G = Mean time per level.
                   A        B        C        D        E       F      G
               +--------+--------+--------+--------+--------+-----+--------+
         Total |   5013 |   4886 |    127 |    651 |   2597 |   5 | 1002.6 |
       Dungeon |   5013 |   4886 |    127 |    651 |   2597 |   5 | 1002.6 |
               +--------+--------+--------+--------+--------+-----+--------+

Top non-repeatable levels by time:
     D:2: 1678 daAuts
     D:3: 1599 daAuts
     D:1: 1001 daAuts
     D:4: 666 daAuts
     D:5: 67 daAuts
